 Dungeon Crawl Stone Soup version 0.21-a0-528-gf531e82 (webtiles) character file.

974 aTarkinC the Firebug (level 8, -6/41 HPs)
             Began as a Tengu Fire Elementalist on Dec 8, 2017.
             Was a Believer of Sif Muna.
             Mangled by an orc warrior
             ... wielding a +0 trident
              (7 damage)
             ... on level 5 of the Dungeon.
             The game lasted 00:19:24 (6043 turns).

aTarkinC the Firebug (Tengu Fire Elementalist)      Turns: 6043, Time: 00:19:24

Health: -6/41      AC:  3    Str:  8    XL:     8   Next: 16%
Magic:  16/24      EV: 13    Int: 18    God:    Sif Muna [**....]
Gold:   270        SH:  0    Dex: 15    Spells: 3/15 levels left

rFire    . . .     SeeInvis .   b - +1 mace (protect)
rCold    . . .     Gourm    .   (no shield)
rNeg     . . .     Faith    .   o - +0 leather armour {rPois}
rPois    +         Spirit   .   (helmet restricted)
rElec    .         Reflect  .   (no cloak)
rCorr    .         Harm     .   (no gloves)
MR       .....                  (boots unavailable)
Stlth    ++........             (no amulet)
HPRegen  0.13/turn              q - ring of magical power
MPRegen  0.19/turn              (no ring)

@: no status effects
A: beak, talons 3, able to fly 1
a: Fly, Divine Energy, Renounce Religion


You were on level 5 of the Dungeon.
You worshipped Sif Muna.
Sif Muna was pleased with you.
You were not hungry.

You visited 1 branch of the dungeon, and saw 5 of its levels.

You collected 270 gold pieces.

Inventory:

Hand Weapons
 a - a +0 trident
 b - a +1 mace of protection (weapon)
 z - a +1 falchion of holy wrath
Missiles
 p - 8 poisoned needles
Armour
 o - a +0 leather armour of poison resistance (worn)
Jewellery
 g - an uncursed amulet of guardian spirit
 q - a ring of magical power (left hand)
 D - a +6 ring of intelligence {unknown}
Wands
 y - a wand of iceblast (8)
Scrolls
 d - 2 scrolls of enchant armour {unknown}
 f - 2 scrolls of fog {unknown}
 i - 2 scrolls of remove curse {unknown}
 k - 3 scrolls of identify {unknown}
 l - 4 scrolls of teleportation {unknown}
 m - a scroll of random uselessness {unknown}
 n - 2 scrolls of enchant weapon {unknown}
 u - a scroll of noise {unknown}
 w - 2 scrolls of blinking {unknown}
Potions
 e - 3 potions of resistance {unknown}
 h - a potion of flight {unknown}
 r - 2 potions of heal wounds {unknown}
 s - 2 potions of haste
 t - a potion of curing {unknown}
 B - a potion of might {unknown}
Books
 x - a book of Flames

   Spells                             Type                      Level
   a - Flame Tongue                   Conjuration/Fire             1
   b - Throw Flame                    Conjuration/Fire             2
   c - Conjure Flame                  Conjuration/Fire             3
   d - Inner Flame                    Hexes/Fire                   3
   e - Sticky Flame                   Conjuration/Fire             4
   f - Fireball                       Conjuration/Fire             5
 A - a book of Cantrips

   Spells                             Type                      Level
   a - Confusing Touch                Hexes                        1
   b - Animate Skeleton               Necromancy                   1
   c - Summon Small Mammal            Summoning                    1
   d - Apportation                    Translocation                1
Comestibles
 c - 3 bread rations
 j - 3 meat rations
 v - 5 fruits
 C - 7 chunks of flesh


   Skills:
 + Level 3.6 Dodging
 + Level 3.7 Stealth
 * Level 4.0 Spellcasting
 * Level 5.4 Conjurations
 + Level 1.3 Hexes
 * Level 1.2 Translocations
 * Level 5.4 Fire Magic
 + Level 2.2 Invocations
 + Level 0.5 Evocations


You had 3 spell levels left.
You knew the following spells:

 Your Spells              Type           Power        Failure   Level  Hunger
a - Flame Tongue          Conj/Fire      ###..        2%          1    None
b - Apportation           Tloc           #.....       13%         1    None
c - Conjure Flame         Conj/Fire      ###.....     7%          3    ###....
i - Inner Flame           Hex/Fire       ###.....     16%         3    ###....
s - Sticky Flame          Conj/Fire      ###.....     22%         4    ####...


Dungeon Overview and Level Annotations

Branches:
Dungeon (5/15)
 Temple: D:4-7

Altars:
Ashenzari
Cheibriados
Makhleb
Nemelex Xobeh
Qazlal
Sif Muna
Uskayaw
Xom
Yredelemnul

Annotations:
D:3 ncg789's ghost, amateur TrEE


Innate Abilities, Weirdness & Mutations

You have a beak for a mouth.
You have claws for feet.
You can fly.


Message History

Confirm with . or Enter, or press ? or * to list all spells.
Aiming: Flame Tongue
Press: ? - help, Shift-Dir - straight line, f/p - orc warrior
Aim: an orc warrior, wielding a trident and wearing a plate armour The flame tongue hits the orc warrior.
The orc warrior is moderately wounded.
The orc warrior closely misses you.
The orc warrior hits you with a trident!!
* * * LOW HITPOINT WARNING * * *
Casting: Flame Tongue
Confirm with . or Enter, or press ? or * to list all spells.
Aiming: Sticky Flame
Press: ? - help, Shift-Dir - straight line, f/p - orc warrior
Aim: an orc warrior, wielding a trident and wearing a plate armour (moderately wounded)
The sticky flame hits the orc warrior.
The orc warrior is moderately wounded.
The orc warrior is covered in liquid flames!
The orc warrior burns!
The orc warrior hits you with a trident!
You die...

#####.#######......
#.....# ##..#.##
#.##..# ## #...#.#
#.#...#........#.#
###.#..##..#...#.#.#
#...###.o .....#.#..
#.#.# .#####Z.._...
##)#####.<..##..#.#..
#....@o)....####.Z....
######.###..... #'# ##
#.#$#.###. #.###....
#.....##.# ##.###.. #
#.. ... ### ..


You could see an orc warrior (burning).

Vanquished Creatures
  Sigmund (D:2)
  Eustachio (D:4)
  A sky beast (D:5)
  An ogre (D:5)
  A howler monkey (D:4)
  2 bullfrog skeletons (D:4)
  An orc wizard (D:3)
  5 worker ants (D:4)
  A hound skeleton (D:2)
  4 gnolls (D:5)
  11 adders
  An ooze (D:2)
  An adder skeleton (D:5)
  A worm (D:2)
  2 leopard geckos
  13 orcs
  3 giant cockroaches
  3 goblins
  10 hobgoblins
  4 jackals
  5 quokkas
  6 bats
  2 frilled lizards
  9 kobolds
  9 rats
98 creatures vanquished.

Vanquished Creatures (others)
  A fire vortex (D:4)
1 creature vanquished.

Grand Total: 99 creatures vanquished

Notes
Turn   | Place    | Note
-------+----------+-------------------------------------------
     0 | D:1      | aTarkinC the Tengu Fire Elementalist began the quest for the Orb.
     0 | D:1      | Reached XP level 1. HP: 10/10 MP: 4/4
   538 | D:2      | Found a hide-covered altar of Uskayaw.
   539 | D:2      | Found a deep blue altar of Sif Muna.
   539 | D:2      | Found a sparkling altar of Nemelex Xobeh.
   539 | D:2      | Found a shimmering altar of Xom.
   558 | D:2      | Reached XP level 2. HP: 15/15 MP: 3/6
   598 | D:2      | Became a worshipper of Sif Muna the Loreminder
  1358 | D:1      | Reached XP level 3. HP: 19/19 MP: 5/7
  1367 | D:1      | Learned a level 3 spell: Conjure Flame
  1616 | D:2      | Reached XP level 4. HP: 19/24 MP: 5/8
  1760 | D:2      | Found a burning altar of Makhleb.
  1760 | D:2      | Noticed an Executioner
  1764 | D:2      | Noticed an orange demon
  1764 | D:2      | Noticed an orange demon
  1786 | D:2      | Learned a level 3 spell: Inner Flame
  1943 | D:2      | Found a stormy altar of Qazlal.
  2028 | D:2      | Noticed Sigmund
  2454 | D:2      | Killed Sigmund
  2454 | D:2      | Reached * piety under Sif Muna
  2454 | D:2      | Reached skill level 1 in Hexes
  2454 | D:2      | Reached skill level 1 in Invocations
  2454 | D:2      | Gained mutation: You can fly. [Tengu growth]
  2454 | D:2      | Reached XP level 5. HP: 28/28 MP: 8/10
  2454 | D:2      | Reached XP level 6. HP: 32/32 MP: 8/11
  2460 | D:2      | Learned a level 4 spell: Sticky Flame
  3592 | D:3      | Found a stormy altar of Qazlal.
  3703 | D:3      | Noticed ncg789's ghost (amateur TrEE)
  4441 | D:4      | Reached XP level 7. HP: 17/36 MP: 5/13
  4706 | D:4      | Found a basalt altar of Yredelemnul.
  4706 | D:4      | Found a snail-covered altar of Cheibriados.
  4751 | D:4      | Noticed Eustachio
  4772 | D:4      | Killed Eustachio
  4772 | D:4      | Reached skill level 5 in Fire Magic
  4847 | D:4      | Learned a level 1 spell: Apportation
  4910 | D:4      | Reached skill level 5 in Conjurations
  5199 | D:4      | Reached ** piety under Sif Muna
  5510 | D:5      | Entered Level 5 of the Dungeon
  5602 | D:5      | Reached skill level 1 in Translocations
  5602 | D:5      | Reached XP level 8. HP: 3/41 MP: 13/15
  5898 | D:5      | Found a shattered altar of Ashenzari.
  6042 | D:5      | HP: 1/41 [orc warrior/trident (19)]
  6043 | D:5      | Mangled by an orc warrior

Vault maps used:
D:1:      dpeg_arrival_simpleton_c
D:2:      makhleb_altar_promises_db, grunt_temple_overflow_open, first_bread,
          nicolae_qazlal_eye_of_the_storm, uniq_sigmund
D:3:      lemuel_coloured_pillars_altar
D:4:      gammafunk_temple_overflow_wave, kennysheep_generic_room_10,
          uniq_eustachio
D:5:      serial_shops, shop, serial_glass, glass_columns_a, glass_columns_a,
          item_on_display_a, feat_on_display, ashenzari_altar_1,
          uniq_crazy_yiuf_cottage, uniq_blork_the_orc

Skill      XL: |  1  2  3  4  5  6  7 |
---------------+----------------------+-----
Conjurations   | 2 3 4 5 |  5.4
Spellcasting   | 3 4 |  4.0
Hexes          | 1 |  1.3
Fire Magic     | 4 5 |  5.4
Invocations    | 1 2 |  2.2
Stealth        | 3 |  3.7
Dodging        | 3 |  3.6
Translocations | 1 |  1.2
Evocations     | |  0.5

Action                   |  1- 3 |  4- 6 |  7- 9 || total
-------------------------+-------+-------+-------++-------
Melee: Short sword       |    15 |     5 |       ||    20
       Kick              |     3 |     5 |    10 ||    18
       Peck              |     1 |     4 |     9 ||    14
       Trident           |       |     8 |       ||     8
       Falchion          |       |    10 |     7 ||    17
       Mace              |       |       |    17 ||    17
 Cast: Flame Tongue      |    45 |    65 |    25 ||   135
       Conjure Flame     |       |     8 |     4 ||    12
       Inner Flame       |       |     2 |       ||     2
       Sticky Flame      |       |     3 |    12 ||    15
 Stab: Sleeping          |       |       |     1 ||     1
  Eat: Chunk             |     3 |    10 |     9 ||    22
Armor: Robe              |     3 |       |       ||     3
       Leather armour    |     6 |    11 |     8 ||    25
Dodge: Dodged            |    19 |    39 |    26 ||    84
       Rpst.: Falchion   |       |     6 |     4 ||    10

Table legend:
 A = Spawn XP
 B = Non-spawn XP
 C = Spawn XP percentage of total XP
 D = Spawn monster count
 E = Non-spawn monster count
 F = Spawn count percentage of total count
 G = Total turns spent on level
                    A         B        C        D         E        F      G
               +---------+---------+-------+---------+---------+-------+---------
         Total |       0 |    1392 |   0.0 |       0 |      98 |   0.0 |  6043
               +---------+---------+-------+---------+---------+-------+---------
           D:1 |       0 |      22 |   0.0 |       0 |      16 |   0.0 |  1350
           D:2 |       0 |     353 |   0.0 |       0 |      27 |   0.0 |  1672
           D:3 |       0 |     123 |   0.0 |       0 |      26 |   0.0 |   943
           D:4 |       0 |     564 |   0.0 |       0 |      19 |   0.0 |  1545
           D:5 |       0 |     330 |   0.0 |       0 |      10 |   0.0 |   533
               +---------+---------+-------+---------+---------+-------+---------
